 Dungeon Crawl Stone Soup version 0.27.1-1-g398f81649c (webtiles) character file.

Game seed: 1315741322877798310

20203 Kinoniko the Bludgeoner (level 12, -6/122 HPs)
             Began as a Troll Berserker on Sept 9, 2021.
             Was a High Priest of Trog.
             Mangled by Sonja (20 damage)
             ... on level 2 of the Lair of Beasts.
             The game lasted 00:15:57 (12508 turns).

Kinoniko the Bludgeoner (Troll Berserker)          Turns: 12508, Time: 00:15:58

Health: -6/122     AC:  6    Str: 30    XL:     12   Next: 43%
Magic:  20/20      EV:  4    Int:  6    God:    Trog [*****.]
Gold:   71         SH:  0    Dex: 10    Spells: 11/11 levels left

rFire    + . .     SeeInvis .   x - +1 morningstar (vorpal)
rCold    + . .     Faith    .   (no shield)
rNeg     + . .     Spirit   .   R - +1 gold dragon scales of the Worm {*Corrode rPois rF+ rC+ Regen+ MP+9 Str+3}
rPois    +         Reflect  .   (helmet restricted)
rElec    .         Harm     .   M - +2 ratskin cloak {*Rats rPois rN+ Str-1 Int-1 Dex+1}
rCorr    .         Rampage  .   (gloves unavailable)
Will     .....                  (boots unavailable)
Stlth    ..........             P - amulet of regeneration
HPRegen  3.30/turn              (no ring)
MPRegen  0.17/turn              (no ring)

@: corroded, on berserk cooldown, slowed, very slow
A: large, unfitting armour, claws 3, regeneration 1, shaggy fur 1, tough skin 1
a: Renounce Religion, Berserk, Trog's Hand, Brothers in Arms


You were on level 2 of the Lair of Beasts.
You worshipped Trog.
Trog was extremely pleased with you.
You visited 2 branches of the dungeon, and saw 13 of its levels.
You also visited: Sewer.

You collected 2052 gold pieces.
You spent 1981 gold pieces at shops.

Inventory:

Hand Weapons
 a - a +0 mace
 c - a +0 whip of flaming
 s - a +0 giant spiked club
 v - a +2 flail of protection
 x - a +1 vorpal morningstar (weapon)
 K - a +4 great mace of flaming
Missiles
 E - a throwing net (quivered)
Armour
 b - a +0 animal skin
 j - a +2 cloak
 u - the +2 robe of Syndicalism {Harm Fly rN+ rCorr}
   (You found it on level 4 of the Dungeon)

   rN:        It protects you from negative energy.
   Fly:       It grants you flight.
   rCorr:     It protects you from acid and corrosion.
   Harm:      It increases damage dealt and taken.
 D - +0 ice dragon scales
 M - the +2 ratskin cloak (worn) {*Rats rPois rN+ Str-1 Int-1 Dex+1}
   (You found it on level 11 of the Dungeon)

   When the wearer is hurt, rats may emerge from it to assist them.
   Str:       It affects your strength (-1).
   Int:       It affects your intelligence (-1).
   Dex:       It affects your dexterity (+1).
   rPois:     It protects you from poison.
   rN:        It protects you from negative energy.
 R - the +1 gold dragon scales of the Worm (worn) {*Corrode rPois rF+ rC+ Regen+ MP+9 Str+3}
   (You bought it in a shop on level 7 of the Dungeon)

   Str:       It affects your strength (+3).
   rF:        It protects you from fire.
   rC:        It protects you from cold.
   rPois:     It protects you from poison.
   MP:        It affects your magic capacity (+9).
   Regen:     It increases your rate of health regeneration.
   *Corrode:  It may corrode you when you take damage.
Jewellery
 P - an amulet of regeneration (around neck)
Wands
 m - a wand of mindburst (20)
 t - a wand of digging (12)
 w - a wand of polymorph (18)
 z - a wand of charming (9)
 A - a wand of iceblast (15)
 H - a wand of paralysis (12)
 N - a wand of flame (12)
Scrolls
 d - 4 scrolls of teleportation
 f - 5 scrolls of noise
 g - a scroll of brand weapon
 y - 5 scrolls of fog
 C - 2 scrolls of enchant armour
 L - a scroll of holy word
 O - a scroll of summoning
Potions
 e - a potion of magic
 h - 6 potions of curing
 i - 3 potions of heal wounds
 k - a potion of degeneration {unknown}
 l - 2 potions of haste
 n - 2 potions of ambrosia {unknown}
 o - a potion of berserk rage
 p - a potion of invisibility {unknown}
 q - 5 potions of attraction {unknown}
 r - a potion of lignification {unknown}
 B - 2 potions of might
 F - a potion of mutation {unknown}
 G - 2 potions of brilliance {unknown}
 J - a potion of cancellation {unknown}
 Q - 2 potions of resistance
Miscellaneous
 I - a lightning rod (4/4)


   Skills:
 + Level 8.6 Fighting
 * Level 15.1 Maces & Flails
 - Level 6.4 Dodging


You had 11 spell levels left.
You didn't know any spells.
Your spell library was empty.

Dungeon Overview and Level Annotations

Branches:
Dungeon (11/15)            Temple (0/1) D:4            Lair (2/6) D:9
  Sewer (visited)
  Swamp: Lair:2-4    Shoals: Lair:2-4     Snake: Lair:2-4    Spider: Lair:2-4
    Orc: D:9-12

Altars:
Ashenzari
Cheibriados
Dithmenos
Fedhas
Gozag
Hepliaklqana
Makhleb
Okawaru
Uskayaw
Wu Jian
Yredelemnul
The Shining One

Shops:
D:3 (   D:5 (   D:7 [   D:8 (=*!   D:9 *

Annotations:
Lair:2 Sonja


Innate Abilities, Weirdness & Mutations

You are too large for most types of armour.
You have claws for hands.
Your natural rate of healing is unusually fast.
You are covered in fur. (AC +1)
You have tough skin. (AC +1)


Message History

The bullfrog hits you but does no damage.
Sonja throws a curare-tipped dart.
The curare-tipped dart hits you. The bullfrog hits you.
You barely miss the bullfrog.
The bullfrog is almost dead.
The bullfrog barely misses you.
The catoblepas breathes a plume of calcifying dust at you.
The blast of calcifying dust hits the bullfrog!
The bullfrog dies!
The blast of calcifying dust hits you.
Your corrosive artefact corrodes you!
Your ogre is engulfed in calcifying dust.
Your ogre is moving more slowly.
Your ogre rages.
Unknown command.
You're still recovering from your berserk rage.
You miss Sonja.
Sonja hits you with a +1 short sword of distortion!
Space bends around you. Sonja hits you but does no damage.
Space warps horribly around you!!
Your corrosive artefact corrodes you!
Sonja hits you with a +1 short sword of distortion.
Your ogre closely misses Sonja.
Sonja hits you with a +1 short sword of distortion.
Space warps horribly around you.
Sonja hits you with a +1 short sword of distortion. x2
You feel much better.
Your ogre completely misses Sonja.
Sonja hits you with a +1 short sword of distortion.
Space bends around you. Sonja hits you but does no damage.
Sonja hits you with a +1 short sword of distortion.
Space bends around you.
A hell rat scurries out from under your cloak.
Your ogre barely misses Sonja.
Sonja hits you with a +1 short sword of distortion.
Space warps horribly around you!!
* * * LOW HITPOINT WARNING * * *
Sonja hits you with a +1 short sword of distortion.
* * * LOW HITPOINT WARNING * * *
Space warps horribly around you.
* * * LOW HITPOINT WARNING * * *
Sonja hits you but does no damage. Space warps horribly around you!!
You die...

.......###P#### #..P#P........#
## #..P§#.......... #
#.##....≈.........
#.##............P#.P# .. ....##
#................P.P# .. .....#
##...r.............# ..
.....###.#........§§§.....#.###..
.....P#.........@KOY..§§........#
........ ...........†...........#
....... ..................##....#
.#.# .#...#...............##..#..
.†.##..#..#.........#.....#......
.##..# ..###.##P.....≈≈≈..#.....
.##.>###..###.........≈≈≈....(.!.
...##..#..P.#.#.#.....≈≈≈........
.#.##.##..................#..P###


You could see a catoblepas, Sonja (ally target), a friendly ogre (summoned,
berserk, petrifying) and a friendly hell rat.

Vanquished Creatures
  Snorg (D:11)
  Harold (D:8)
  A centaur warrior (D:10)
  3 hydras
  4 two-headed ogres
  An ugly thing (D:10)
  A black mamba (Lair:1)
  A torpor snail (Lair:2)
  4 cane toads
  Psyche (D:8)
  3 komodo dragons
  Grinder (D:3)
  3 hornets
  Prince Ribbit (D:5)
  2 meliai zombies
  Sigmund (D:6)
  A shadow (D:5)
  2 fire bats (Lair:2)
  3 wyverns
  5 yaks
  2 vampire mosquitoes (D:11)
  Grum (D:11)
  Eustachio (D:5)
  8 water moccasins
  2 orc warriors
  3 sky beasts
  3 black bears
  An ice beast (D:7)
  2 ogres (D:5)
  15 wolves
  3 centaurs
  A phantom (D:6)
  A kobold brigand (D:10)
  4 bullfrogs
  2 gnoll sergeants
  Blork the orc (D:5)
  2 scorpions
  24 killer bees
  4 wights (D:7)
  An electric eel (Lair:1)
  2 howler monkeys
  2 centaur zombies
  A bullfrog zombie (D:5)
  2 hounds
  A jelly (D:5)
  A bullfrog skeleton (D:6)
  A centaur skeleton (D:7)
  2 gnoll shamans
  An orc priest (D:4)
  3 iguanas
  Ijyb (D:5)
  6 orc wizards
  2 hound skeletons (D:4)
  A howler monkey zombie (D:6)
  14 gnolls
  6 adders
  A worm (D:2)
  2 dart slugs
  24 orcs
  9 ball pythons
  6 endoplasms
  5 giant cockroaches
  5 hobgoblins
  5 jackals
  17 kobolds
  5 quokkas
  12 bats
  A frilled lizard (D:1)
  4 goblins
  4 rats
267 creatures vanquished.

Vanquished Creatures (collateral kills)
  An orc warrior (D:9)
  A black bear (D:9)
  A scorpion (D:9)
  2 orcs (D:9)
5 creatures vanquished.

Vanquished Creatures (others)
  A bullfrog (Lair:2)
  7 fungi
  2 plants (D:9)
10 creatures vanquished.

Grand Total: 282 creatures vanquished

Notes
Turn   | Place    | Note
-------+----------+-------------------------------------------
     0 | D:1      | Kinoniko the Troll Berserker began the quest for the Orb.
     0 | D:1      | Reached XP level 1. HP: 22/22 MP: 0/0
    51 | D:1      | Reached skill level 3 in Maces & Flails
   121 | D:1      | Reached XP level 2. HP: 29/29 MP: 1/1
   451 | D:1      | Reached XP level 3. HP: 36/36 MP: 2/2
   474 | D:1      | Reached ** piety under Trog
   747 | D:2      | Reached skill level 4 in Maces & Flails
  1081 | D:2      | Noticed a floating eye
  1083 | D:2      | Found a faded altar of an unknown god.
  1085 | D:2      | Noticed an eye of devastation
  1085 | D:2      | Noticed a great orb of eyes
  1085 | D:2      | Noticed a great orb of eyes
  1296 | D:3      | Noticed Grinder
  1308 | D:3      | Paralysed by Grinder for 2 turns
  1312 | D:3      | Killed Grinder
  1313 | D:3      | Reached skill level 5 in Maces & Flails
  1313 | D:3      | Reached XP level 4. HP: 18/44 MP: 3/3
  1313 | D:3      | Reached XP level 5. HP: 20/50 MP: 4/4
  1313 | D:3      | Reached XP level 6. HP: 24/59 MP: 5/5
  1368 | D:3      | Found Fopum's Antique Weapon Shoppe.
  1436 | D:3      | Found a glowing drain.
  1452 | Sewer    | Entered a sewer
  1486 | Sewer    | Noticed a water moccasin
  1503 | Sewer    | Killed a water moccasin
  1504 | Sewer    | Reached skill level 6 in Maces & Flails
  1682 | D:3      | Noticed a +0 short sword
  1682 | D:3      | Noticed a +0 spear
  1682 | D:3      | Noticed a +0 falchion
  1682 | D:3      | Noticed a +0 spear
  1683 | D:3      | Noticed a +0 short sword
  1684 | D:3      | Noticed a +0 falchion
  1685 | D:3      | Noticed a +0 dagger
  1685 | D:3      | Noticed a +0 dagger
  1729 | D:3      | Found a hide-covered altar of Uskayaw.
  1927 | D:3      | You fall into a shaft and drop 3 floors!
  1978 | D:6      | Reached *** piety under Trog
  2086 | D:5      | Entered Level 5 of the Dungeon
  2091 | D:5      | Found a broken altar of Ashenzari.
  2132 | D:5      | Noticed Eustachio
  2186 | D:5      | Killed Eustachio
  2187 | D:5      | Reached XP level 7. HP: 29/66 MP: 6/6
  2236 | D:5      | Reached skill level 7 in Maces & Flails
  2464 | D:5      | Noticed Ijyb
  2480 | D:5      | Killed Ijyb
  2601 | D:4      | Identified the +2 robe of Syndicalism {Harm Fly rN+ rCorr}
  2765 | D:4      | Reached XP level 8. HP: 27/74 MP: 7/7
  3283 | D:4      | Reached skill level 8 in Maces & Flails
  3283 | D:4      | Reached skill level 5 in Dodging
  3402 | D:4      | Found a staircase to the Ecumenical Temple.
  3642 | D:4      | Found a hazy altar of Hepliaklqana.
  3901 | D:5      | Noticed Blork the orc
  3905 | D:5      | Killed Blork the orc
  4000 | D:5      | Reached skill level 9 in Maces & Flails
  4171 | D:5      | You fall into a shaft and drop 1 floor!
  4296 | D:5      | Found Ighiciyn's Weapon Emporium.
  4300 | D:5      | Noticed Prince Ribbit
  4308 | D:5      | Killed Prince Ribbit
  4308 | D:5      | Reached **** piety under Trog
  4309 | D:5      | Reached XP level 9. HP: 80/80 MP: 8/8
  4322 | D:5      | Bought a +1 vorpal morningstar for 182 gold pieces
  4543 | D:6      | Found a shadowy altar of Dithmenos.
  4742 | D:6      | Noticed Sigmund
  4750 | D:6      | Killed Sigmund
  5078 | D:6      | Found a glowing golden altar of the Shining One.
  5102 | D:6      | Reached skill level 10 in Maces & Flails
  5286 | D:7      | Found Lesor's Armour Shop.
  5327 | D:7      | Found an opulent altar of Gozag.
  6418 | D:8      | Noticed a two-headed ogre
  6435 | D:8      | Killed a two-headed ogre
  6436 | D:8      | Reached skill level 11 in Maces & Flails
  6576 | D:8      | Noticed Harold
  6589 | D:8      | Killed Harold
  6590 | D:8      | Reached XP level 10. HP: 94/94 MP: 9/9
  6694 | D:8      | Found Humoil's Jewellery Boutique.
  6698 | D:8      | Found Qalulunn's Antique Weapon Shoppe.
  6731 | D:8      | Noticed Psyche
  6743 | D:8      | Killed Psyche
  6799 | D:8      | Found Caoggi's Assorted Antiques.
  7147 | D:8      | Found Gidamyrch's Distillery.
  7152 | D:8      | Bought a potion of heal wounds for 70 gold pieces
  7335 | D:8      | Found a basalt altar of Yredelemnul.
  7336 | D:8      | Found a blossoming altar of Fedhas.
  7338 | D:8      | Found an ornate altar of the Wu Jian Council.
  7338 | D:8      | Found an iron altar of Okawaru.
  7460 | D:9      | Found Tevvun's Assorted Antiques.
  7577 | D:9      | Reached skill level 5 in Fighting
  7587 | D:9      | Reached skill level 12 in Maces & Flails
  7648 | D:9      | Found a staircase to the Lair.
  7712 | D:9      | Found a burning altar of Makhleb.
  8212 | D:10     | Entered Level 10 of the Dungeon
  8368 | D:10     | Found a snail-covered altar of Cheibriados.
  8442 | D:10     | Paralysed by a hornet for 3 turns
  8989 | D:10     | Noticed a centaur warrior
  9002 | D:10     | Killed a centaur warrior
  9003 | D:10     | Reached XP level 11. HP: 40/105 MP: 10/10
  9163 | D:10     | Noticed a two-headed ogre
  9193 | D:10     | Killed a two-headed ogre
  9193 | D:10     | Reached ***** piety under Trog
  9194 | D:10     | Reached skill level 13 in Maces & Flails
  9315 | D:10     | Noticed a two-headed ogre
  9316 | D:10     | Noticed a green ugly thing
  9339 | D:10     | Killed a two-headed ogre
  9345 | D:10     | Killed a green ugly thing
  9862 | D:11     | Noticed Snorg
  9874 | D:11     | Killed Snorg
  9925 | D:11     | Noticed Grum
  9944 | D:11     | Killed Grum
  9944 | D:11     | Received a gift from Trog
  9981 | D:11     | Noticed a death knight
  9982 | D:11     | Noticed a four-headed hydra
  9982 | D:11     | Noticed a purple ugly thing
  9982 | D:11     | Noticed a centaur warrior
 10037 | D:11     | Found a basalt altar of Yredelemnul.
 10140 | D:11     | Found the +2 ratskin cloak {*Rats rPois rN+ Str-1 Int-1
                  | Dex+1}
 10294 | D:11     | Reached skill level 14 in Maces & Flails
 10298 | D:11     | Noticed a two-headed ogre
 10306 | D:11     | Killed a two-headed ogre
 10409 | D:11     | Noticed a fire dragon
 10806 | Lair:1   | Entered Level 1 of the Lair of Beasts
 10811 | Lair:1   | Noticed a six-headed hydra
 10820 | Lair:1   | Killed a six-headed hydra
 10954 | Lair:1   | Reached XP level 12. HP: 119/119 MP: 11/11
 11223 | Lair:1   | Noticed a six-headed hydra
 11233 | Lair:1   | Killed a six-headed hydra
 11889 | Lair:1   | Identified a scroll of acquirement
 11889 | Lair:1   | Acquired 1146 gold pieces
 12057 | Lair:1   | Reached skill level 15 in Maces & Flails
 12196 | D:7      | Bought the +1 gold dragon scales of the Worm {*Corrode
                  | rPois rF+ rC+ Regen+ MP+9 Str+3} for 1729 gold pieces
 12433 | Lair:2   | Noticed an eight-headed hydra
 12442 | Lair:2   | Killed an eight-headed hydra
 12486 | Lair:2   | Noticed Sonja
 12495 | Lair:2   | Noticed a catoblepas
 12508 | Lair:2   | Mangled by Sonja

Illustrated notes

Levels and vault maps discovered:
D:1:      nzn_arrival_water_spiral, layout_loops_ring, grunt_decor_arrowhead
D:2:      layout_basic, hellmonk_ecumenical_altar_watching_god
D:3:      layout_basic, nicolae_uskayaw_en_pointe, serial_shops,
          nicolae_shop_behind_doors, portal_sewer_entry_d,
          chequers_hall_statues_corner_a, mrwooster_statue_mirror,
          interstate_on_off, uniq_grinder
D:4:      layout_basic, kennysheep_mini, minmay_temple_entry_fiery
D:5:      layout_basic, evilmike_ruin_ashenzari, serial_shops,
          nicolae_shop_statue_plus, uniq_eustachio, uniq_ijyb,
          uniq_blork_the_orc, uniq_prince_ribbit1
D:6:      layout_loops_ring, mainiacjoe_overflow_surrounded_room,
          grunt_dithmenos_shadows, kennysheep_potato, uniq_sigmund
D:7:      layout_cave_pods, overflow_temple_1_default, serial_shops, shop_coins,
          minmay_diced_spiral
D:8:      layout_loops_cross, mainiacjoe_overflow_alcove_3, serial_shops, shop,
          nicolae_shop_stone, nicolae_inconvenience_store, shop_statue,
          uniq_harold, uniq_psyche
D:9:      layout_basic, bloody_makhleb, grunt_lair_entry_orc_guard_hut,
          serial_shops, shop
D:10:     minmay_recursive_quarters, layout_irregular_city, cheibriados_altar_1
D:11:     layout_irregular_city, kennysheep_flooded_box, minivault_12,
          uniq_snorg, uniq_grum
Lair:1:   layout_hall_layers, infiniplex_staircase_pool
Lair:2:   statuecave_lemuel, layout_gridlike, chequers_serial_rivers_micro_a,
          st_stairs_7, uniq_sonja, uniq_urug

Skill      XL: |  1  2  3  4  5  6  7  8  9 10 11 12 |
---------------+-------------------------------------+-----
Maces & Flails | 3 5 6 7 9 11 12 14 15 | 15.1
Dodging        | 3 4 6 |  6.4
Fighting       | 4 6 7 8 |  8.6

Action                   |  1- 3 |  4- 6 |  7- 9 | 10-12 || total
-------------------------+-------+-------+-------+-------++-------
Melee: Mace              |    67 |       |       |       ||    67
       Whip              |   114 |   142 |   192 |       ||   448
       Flail             |       |       |    34 |       ||    34
       Morningstar       |       |       |   136 |   510 ||   646
Invok: Berserk           |     1 |     4 |    16 |    25 ||    46
       Trog's Hand       |       |     1 |       |     1 ||     2
       Brothers in Arms  |       |       |       |     2 ||     2
  Use: Scroll            |       |       |    10 |     8 ||    18
       Potion            |       |       |       |     1 ||     1
Armor: Animal skin       |    93 |    61 |   134 |       ||   288
       Ice dragon scales |       |       |     4 |   311 ||   315
       Gold dragon scale |       |       |       |    29 ||    29
Dodge: Dodged            |   109 |    97 |   149 |   274 ||   629
